Frig, neutral male human Ranger - . ------------- |`.........`| |.(...`.....| |...-----...| |...|.{.|...|### |..`|{.{|`..|dZ |.....{.|..G.#@# |...-----...| |.....`.....| |`.........`| ------------- Frig the Trailblazer Experience level: 7 Strength: 16 Dexterity: 10 Constitution: 14 Intelligence: 14 Wisdom: 14 Charisma: 8 Health: 0(39) Energy: 35(35) AC: 8 Gold: 1481 Moves: 2581 Your Inventory: Coins $ - 1481 gold pieces Amulets w - a [cursed] warped amulet [of ESP] Weapons a - a blessed +1 dagger (alternate weapon; not wielded) b - a blessed +1 bow (weapon in hand) c - 44 uncursed +2 arrows (in quiver) d - 38 uncursed +0 arrows Armor e - an uncursed burnt +2 cloak of displacement (being worn) v - a [cursed +0] leather armor Comestibles f - 4 uncursed cram rations h - an [uncursed] food ration l - an [uncursed] food ration B - a [cursed] tripe ration D - an [uncursed] slime mold Scrolls i - a [blessed] scroll labeled FOOBIE BLETCH named not cursed [of enchant armor] p - an [uncursed] scroll labeled ACHAT SHTAYIM SHALOSH named not cursed [of identify] x - a [cursed] scroll labeled ACHAT SHTAYIM SHALOSH [of identify] y - a [cursed] scroll labeled ETAOIN SHRDLU [of remove curse] z - a [cursed] scroll labeled KIRJE [of confuse monster] A - a [cursed] scroll labeled THARR [of genocide] Potions j - a [cursed] fizzy potion named cursed? [of restore ability] k - a [cursed] potion of oil m - an [uncursed] clear potion [of water] n - an [uncursed] clear potion [of water] s - an [uncursed] magenta potion [of blindness] C - 3 [cursed] clear potions [of unholy water] Rings u - a [cursed +1] ridged ring [of gain constitution] Wands r - an [uncursed] ceramic wand [of undead turning (0:6)] Spells known in the end: Name Level Category Fail Memory Your skills at the end: Fighting Skills Weapon Skills dagger [Basic / Expert] bow [Basic / Expert] Spellcasting Skills Final Attributes: You were piously aligned. Hunger level was 118. Your alignment was 22 / 22. Monster difficulty range was 1 - 6. Level difficulty was 6. You had automatic searching. You were displaced. You were stealthy. Your luck was zero. You are dead. Vanquished creatures: a ghost a small mimic a wolf a dog a dust vortex 3 human zombies a yellow light a wax golem a little dog a floating eye 3 rothes a wererat 2 iguanas a coyote 2 gas spores 4 manes 3 cave spiders a red mold 2 garter snakes 5 geckos a jackal 2 goblins 2 sewer rats 6 grid bugs 2 bats 3 lichens a kobold zombie 3 newts 56 creatures vanquished. Voluntary challenges: You were vegetarian. You used a wielded weapon 55 times. You read items or engraved 4 times. You put on armor 1 time. You never genocided any monsters. You never polymorphed an object. You never changed form. You used no wishes. You wrote Elbereth's name 3 times. You encountered 1 bones level. You never used any Sokoban shortcuts. Dungeon overview: The Dungeons of Doom: levels 1 to 6 Level 1 a long staircase Level 3 a delicatessen, a fountain stairs to The Gnomish Mines Level 4 a fountain Level 6 <- You were here many fountains The Gnomish Mines: Level 4 stairs to The Dungeons of Doom History has recorded: On T:1 you entered the Dungeons of Doom to retrieve the Amulet of Yendor! On T:672 you reached level 2 of The Dungeons of Doom. On T:938 you advanced to experience level 2. On T:1095 you advanced to experience level 3. On T:1239 you reached level 3 of The Dungeons of Doom. On T:1393 you reached level 1 of The Gnomish Mines. On T:1563 you advanced to experience level 4. On T:1654 you advanced to experience level 5. On T:1943 you reached level 4 of The Dungeons of Doom. On T:1951 you reached level 5 of The Dungeons of Doom. On T:2096 you advanced to experience level 6. On T:2499 you reached level 6 of The Dungeons of Doom. On T:2572 you advanced to experience level 7. Latest messages: Welcome to experience level 7. You feel stealthy! You hit the human zombie. The human zombie hits! You hit the human zombie! You destroy the human zombie! You see here a rotten human zombie corpse. b - a blessed +1 bow (weapon in hand). a - a blessed +1 dagger (alternate weapon; not wielded). The human zombie rises from the dead! The arrow hits the human zombie. The human zombie hits! The arrow hits the human zombie. You shoot 2 arrows. The 1st arrow hits the human zombie! The 2nd arrow hits the human zombie. The human zombie hits! The wolf bites! You die... Final status: Goodbye Frig the Ranger... You died in The Dungeons of Doom on dungeon level 6 with 3892 points, and 1481 pieces of gold, after 2581 moves. You were level 7 with a maximum of 39 hit points when you died.